 Dungeon Crawl Stone Soup version 0.27.0-1-g7a089689b8 (webtiles) character file.

Game seed: 6429209263485370001

183 Tutankhamun the Sneak (level 5, -5/32 HPs)
             Began as a Kobold Brigand on Aug 15, 2021.
             Killed by nerve-wracking pain
             ... invoked by Menkaure
              (7 damage)
             ... on level 4 of the Dungeon.
             The game lasted 00:04:49 (4304 turns).

Tutankhamun the Sneak (Kobold Brigand)              Turns: 4304, Time: 00:04:49

Health: -5/32      AC:  4    Str:  8    XL:     5   Next: 94%
Magic:  5/5        EV: 16    Int: 12    God:
Gold:   196        SH:  0    Dex: 18    Spells: 4/4 levels left

rFire    . . .     SeeInvis .   m - +1 short sword (drain)
rCold    . . .     Faith    .   (shield restricted)
rNeg     . . .     Spirit   .   b - +0 robe
rPois    .         Reflect  .   (no helmet)
rElec    .         Harm     .   c - +1 cloak
rCorr    .         Rampage  .   (no gloves)
Will     .....                  (no boots)
Stlth    ++++......             (no amulet)
HPRegen  0.10/turn              (no ring)
MPRegen  0.09/turn              (no ring)

@: no status effects
A: small, no large weapons, nightstalker 3
a: no special abilities


You were on level 4 of the Dungeon.
You visited 1 branch of the dungeon, and saw 4 of its levels.

You collected 196 gold pieces.

Inventory:

Hand Weapons
 a - a +2 dagger
 f - a +0 dagger of protection
 m - a +1 short sword of draining (weapon)
Missiles
 e - 2 curare-tipped darts (quivered)
 j - 7 poisoned darts
Armour
 b - a +0 robe (worn)
 c - a +1 cloak (worn)
Jewellery
 g - a ring of ice
Wands
 d - a wand of flame (16)
 q - a wand of paralysis (4)
 s - a wand of acid (8)
Scrolls
 h - a scroll of enchant armour
 k - a scroll of silence {unknown}
 n - a scroll of amnesia {unknown}
 o - a scroll of immolation {unknown}
 p - a scroll of identify {unknown}
Potions
 l - a potion of might {unknown}
 r - a potion of brilliance
 t - a potion of haste {unknown}


   Skills:
 + Level 3.1 Fighting
 * Level 5.2 Short Blades
 - Level 2.1 Throwing
 * Level 4.2 Dodging
 - Level 5.3 Stealth


You had 4 spell levels left.
You didn't know any spells.
Your spell library was empty.

Dungeon Overview and Level Annotations

Branches:
Dungeon (4/15)
 Temple: D:4-7

Altars:

Shops:
D:1 *   D:2 (   D:3 [

Annotations:
D:4 Menkaure


Innate Abilities, Weirdness & Mutations

You are small and have problems with some larger weapons.
You are completely attuned to the shadows.


Message History

Menkaure is lightly damaged.
Menkaure closely misses you.
You hit Menkaure but do no damage.
Menkaure is lightly damaged.
Menkaure barely misses you.
You barely miss Menkaure.
Menkaure is lightly damaged.
Menkaure hits you!
You hit Menkaure.
Menkaure is lightly damaged.
Menkaure misses you.
You hit Menkaure but do no damage.
Menkaure is lightly damaged.
Menkaure points at you and mumbles some strange words.
You barely resist. You hit Menkaure but do no damage.
Menkaure is lightly damaged.
Menkaure hits you!
Ouch! That really hurt!
* * * LOW HITPOINT WARNING * * *
You are too injured to fight recklessly!
You hit Menkaure.
Menkaure is lightly damaged.
Menkaure hits you but does no damage.
You are too injured to fight recklessly!
You hit Menkaure.
Menkaure is lightly damaged.
Menkaure misses you.
As you read the scroll labelled ZANYEVV DANAE, it crumbles to dust.
It is a scroll of enchant armour.
Your +0 cloak glows green for a moment.
Menkaure calls on the powers of darkness!
You feel a surge of unholy energy.
Unknown command.
As you read the scroll labelled LIYTOG SYEWN, it crumbles to dust.
It is a scroll of enchant weapon.
Your +0 short sword of draining glows red for a moment.
Menkaure gestures at you while chanting.
Pain shoots through your body!
You die...

###+#####
.........
......!..
...M.....
#@..# #...#
#...# #...##
#....# .#
#....##.##.#
####..#.##.#
##.#.##.#
#...##.#


You could see Menkaure (fast).

Vanquished Creatures
  A hound (D:3)
  Ijyb (D:3)
  An orc wizard (D:2)
  An adder (D:3)
  3 worms
  2 dart slugs (D:3)
  7 orcs
  6 ball pythons
  8 endoplasms
  3 giant cockroaches
  4 goblins
  3 hobgoblins
  8 jackals
  4 quokkas
  A bat (D:2)
  8 frilled lizards
  3 kobolds
  4 rats
68 creatures vanquished.

Notes
Turn   | Place    | Note
-------+----------+-------------------------------------------
     0 | D:1      | Tutankhamun the Kobold Brigand began the quest for the Orb.
     0 | D:1      | Reached XP level 1. HP: 12/12 MP: 1/1
   100 | D:1      | Reached XP level 2. HP: 18/18 MP: 2/2
   837 | D:1      | Found Tusteg's General Store.
   845 | D:1      | Reached XP level 3. HP: 22/22 MP: 3/3
  1100 | D:2      | HP: 1/22 [orc (2)]
  2080 | D:2      | Reached XP level 4. HP: 19/27 MP: 4/4
  2594 | D:2      | Found Erice's Weapon Shoppe.
  2800 | D:2      | Found a faded altar of an unknown god.
  3164 | D:3      | Found Ficeetiq's Antique Armour Shop.
  3176 | D:3      | Reached XP level 5. HP: 32/32 MP: 5/5
  3489 | D:3      | Noticed Ijyb
  3509 | D:3      | Paralysed by Ijyb for 6 turns
  3518 | D:3      | Killed Ijyb
  3519 | D:3      | Reached skill level 5 in Short Blades
  4287 | D:4      | Noticed Menkaure
  4300 | D:4      | HP: 1/32 [Menkaure (16)]
  4304 | D:4      | Killed from afar by Menkaure

Illustrated notes

Levels and vault maps discovered:
D:1:      beargit_arrival_greenhouse, layout_loops_ring, serial_shops,
          nicolae_shop_temple_entry_statues_fountains
D:2:      layout_basic, ebering_ecumenical_altar_webs, serial_shops,
          nicolae_shop_waterfront
D:3:      layout_basic, serial_shops, nicolae_shop_overgrown_old_shop,
          st_stairs_4, grunt_ministairs_3, interstate_on_off, minivault_23,
          uniq_ijyb
D:4:      layout_basic, uniq_menkaure

Skill      XL: |  1  2  3  4  5 |
---------------+----------------+-----
Short Blades   | 3 4 5 |  5.2
Dodging        | 2 3 4 |  4.2
Fighting       | 3 |  3.1
Throwing       | |  2.1
Stealth        | |  5.3

Action                   |  1- 3 |  4- 6 || total
-------------------------+-------+-------++-------
Melee: Dagger            |   158 |    47 ||   205
       Short sword       |       |    94 ||    94
Throw: Dart              |    13 |       ||    13
  Use: Potion            |     1 |       ||     1
       Scroll            |       |     2 ||     2
 Stab: Sleeping          |    12 |    16 ||    28
       Distracted        |       |     1 ||     1
Armor: Robe              |    30 |    21 ||    51
Dodge: Dodged            |    81 |    69 ||   150
